cohdb
Replays
Latest Replays
All Replays
Popular Replays
Top Player Replays
Match Explorer
How It Works
Community
CoH3 Stats
Reddit
Sign in to upload your games and track your stats! →
Sign in with Steam
Match 46510998
Unlisted
Match 46510998
Overview
Messages
Build Orders
End
Scout Squad
Construct Weapon Support Center
Scout Squad
Selects Airborne Battlegroup
Selects Pathfinders
Pathfinder Squad
Bazooka Squad
Infantry Support Center
M1919 Machine Gun Team
Construct Motor Pool
Selects Paratrooper Squad Paradrop
Engineer Squad
Construct Medical Station
Selects Anti-tank Gun Team Paradrop
M24 Chaffee Light Tank
M8 Greyhound Armored Car
Mortar Pit
Paratrooper Squad Paradrop
Selects Recon Loiter
Selects Supply Drop
Construct Tank Depot
M4(105) Sherman Bulldozer
Selects Dual P-47 Rocket Strike
Paratrooper Squad Paradrop
Recon Loiter
Dual P-47 Rocket Strike
M18 Hellcat Tank Destroyer
Recon Loiter
M18 Hellcat Tank Destroyer
M4(105) Sherman Bulldozer
Dual P-47 Rocket Strike
noLiberation
Dark Lord Cthulhu
0
0
Comments
sign in to comment!
No comments posted yet!